Map: 세룰리안 폴 - 래더

Players

Cure - Winner!

  • Race: Terran Terran
  • Spawn Location: 1:00

GuMiho

  • Race: Terran Terran
  • League: Grandmaster
  • Spawn Location: 7:00

Event: IEM Season 13 - Katowice Server Qualifiers Asia 1

VOD

Have the link to the VOD?

Description

Time

  • Played on: Jan. 14, 2019, 6:10 a.m.
  • Length: 10:31

All games in this series

Show
View Real Time Build Order
Export as new Build Order

Cure Terran - Winner!

Build Orders:  

Get SALT Encoding   

  12  0:00  SCV  
  13  0:12  SCV  
  14  0:17  Supply Depot  
  14  0:24  SCV  
  14  0:27  Refinery  
  15  0:38  SCV  
  16  0:44  Barracks  
  16  0:50  SCV  
  17  1:03  SCV  
  18  1:15  SCV  
  19  1:30  Orbital Command  
  19  1:31  Reaper  
  20  1:49  Bunker  
  20  1:51  Bunker  
  20  1:52  Factory  
  20  1:56  SCV  
  20  1:59  Supply Depot  
  21  2:03  Marine  
  21  2:08  SCV  
  23  2:20  SCV  
  23  2:21  Marine  
  24  2:30  Refinery  
  24  2:32  SCV  
  24  2:35  Hellion  
  27  2:37  Starport  
  27  2:42  Barracks Reactor  
  27  2:45  SCV  
  28  2:54  Supply Depot  
  28  2:57  Factory Tech Lab, SCV  
  29  3:09  SCV  
  29  3:17  Cyclone  
  29  3:18  Marine  
  29  3:19  Marine  
  34  3:28  SCV  
  34  3:30  Starport Tech Lab  
  35  3:36  Marine x2  
  35  3:39  Supply Depot  
  35  3:40  SCV  
  38  3:46  Supply Depot  
  38  3:56  Marine x2  
  38  4:03  Cyclone  
  38  4:05  SCV  
  40  4:11  Raven  
  40  4:14  Marine x2  
  44  4:17  Command Center  
  44  4:22  SCV  
  45  4:28  Supply Depot  
  44  4:34  SCV  
  45  4:40  Siege Tank  
  48  4:46  SCV  
  51  4:58  SCV  
  50  5:10  Command Center  
  50  5:11  SCV  
  51  5:18  Marine  
  51  5:19  Stimpack  
  52  5:27  SCV  
  51  5:30  Orbital Command  
  51  5:36  Marine  
  51  5:39  SCV  
  51  5:41  Siege Tank  
  56  5:45  Starport Reactor  
  56  5:47  Barracks x2  
  53  5:54  Marine, SCV  
  53  5:56  SCV  
  53  6:06  SCV  
  53  6:08  SCV  
  52  6:12  Marine  
  52  6:17  Siege Tank  
  54  6:18  SCV  
  54  6:20  SCV  
  49  6:30  Marine, SCV  
  48  6:33  SCV  
  48  6:37  Orbital Command  
  49  6:43  SCV  
  49  6:45  Refinery, SCV, Engineering Bay  
  49  6:46  Marine, Refinery  
  49  6:47  Engineering Bay  
  52  6:50  Marine  
  53  6:55  Marauder, SCV  
  53  6:56  Barracks Tech Lab  
  53  6:57  SCV  
  53  7:00  Orbital Command  
  57  7:06  Marine  
  57  7:07  SCV, Siege Tank  
  57  7:08  Medivac x2  
  66  7:09  SCV  
  66  7:15  Marine x2  
  69  7:16  Combat Shield  
  69  7:18  Marine  
  69  7:19  SCV  
  69  7:21  SCV  
  72  7:26  SCV  
  73  7:31  SCV, Terran Infantry Weapons Level 1  
  73  7:33  SCV, Supply Depot  
  73  7:34  Marine x2  
  77  7:38  Terran Infantry Armor Level 1  
  77  7:41  SCV  
  77  7:43  SCV  
  79  7:51  Marine x2  
  77  7:52  Marine x2  
  77  7:54  SCV x2  
  77  7:55  SCV  
  77  8:04  Siege Tank  
  78  8:06  SCV x2  
  78  8:07  SCV  
  78  8:11  Marine x2, Marauder x2  
  87  8:18  Supply Depot x2  
  87  8:20  SCV x2  
  87  8:22  SCV  
  87  8:25  Concussive Shells  
  90  8:32  SCV x2  
  90  8:33  Marine x2, Marauder  
  90  8:34  Marauder, SCV  
  99  8:43  Barracks  
  99  8:44  Barracks, SCV  
  99  8:45  SCV  
  99  8:46  SCV  
  102  8:51  Marine x2  
  102  8:54  Marine  
  105  8:58  SCV  
  105  8:59  Marine, SCV x2  
  109  9:08  Siege Tank  
  109  9:09  Marine x2  
  112  9:12  Marine, SCV  
  112  9:13  SCV x2  
  116  9:18  Marine  
  108  9:25  SCV x3  
  108  9:26  Marine  
  108  9:27  Marine  
  114  9:37  Barracks Reactor  
  114  9:38  Armory, Barracks Reactor  
  109  9:40  Siege Tank  
  109  9:41  Refinery x2  
  109  9:42  SCV x2  
  109  9:43  Barracks Reactor, SCV, Sensor Tower  
  109  9:44  Marine x2, Barracks Reactor, Supply Depot x2  
  117  10:05  Marine x2  
  117  10:07  SCV x3  
  126  10:11  Supply Depot  
  126  10:12  Supply Depot  
  126  10:14  Supply Depot  
Show
View Real Time Build Order
Export as new Build Order

GuMiho Terran 

Build Orders:  

Get SALT Encoding   

  12  0:00  SCV  
  13  0:12  SCV  
  14  0:18  Supply Depot  
  14  0:24  SCV  
  15  0:40  Barracks  
  15  0:44  Refinery  
  15  0:55  Barracks  
  15  1:00  SCV  
  16  1:12  SCV  
  16  1:13  Refinery  
  18  1:28  Reaper  
  18  1:30  Orbital Command  
  18  1:42  Reaper  
  19  1:56  SCV  
  19  2:00  Reaper  
  21  2:08  SCV  
  21  2:10  Factory  
  22  2:17  Supply Depot  
  23  2:28  SCV  
  23  2:38  Reaper x2  
  23  2:40  SCV  
  26  2:52  SCV, Supply Depot  
  26  2:53  Factory Tech Lab  
  26  3:11  SCV  
  26  3:12  Mag-Field Accelerator, Cyclone  
  30  3:19  Reaper  
  31  3:23  SCV  
  32  3:27  Supply Depot  
  32  3:35  SCV  
  32  3:40  Starport  
  33  3:47  SCV  
  33  4:00  Cyclone  
  34  4:04  SCV  
  34  4:09  Command Center  
  35  4:16  SCV  
  36  4:20  Starport Tech Lab  
  36  4:29  SCV  
  37  4:33  Cyclone  
  38  4:38  Banshee  
  38  4:41  SCV  
  42  4:47  Supply Depot  
  42  4:57  Refinery  
  42  4:58  SCV  
  43  5:05  Cyclone  
  46  5:10  SCV  
  47  5:17  Barracks Reactor  
  47  5:22  Orbital Command  
  47  5:25  SCV  
  47  5:38  Cyclone  
  47  5:39  SCV  
  51  5:44  Command Center  
  51  5:50  Raven  
  51  5:53  SCV  
  51  5:54  SCV  
  55  5:57  Supply Depot  
  55  6:01  Marine  
  55  6:02  Marine  
  57  6:10  SCV x2  
  56  6:22  SCV x2  
  55  6:30  Cyclone  
  55  6:32  Marine x2  
  52  6:33  Raven  
  52  6:34  SCV  
  52  6:35  SCV  
  52  6:38  Barracks  
  52  6:39  Refinery  
  58  6:40  Barracks  
  58  6:46  SCV  
  60  6:47  SCV  
  60  6:48  Factory  
  60  6:55  Factory  
  60  6:56  Marine x2  
  60  6:58  SCV  
  60  6:59  SCV  
  60  7:00  Orbital Command  
  64  7:10  SCV  
  64  7:11  SCV  
  68  7:21  Engineering Bay  
  68  7:22  Refinery, Engineering Bay  
  66  7:23  SCV x2  
  66  7:26  Barracks Reactor x2, Stimpack  
  68  7:31  Viking  
  68  7:37  SCV x3  
  72  7:41  Viking  
  72  7:43  Factory Tech Lab  
  72  7:44  Factory Tech Lab  
  75  7:49  SCV  
  70  7:52  SCV x2  
  70  7:56  Marine  
  70  8:01  Siege Tank  
  70  8:03  Viking, Siege Tank  
  70  8:05  Marine x2  
  79  8:06  Marine  
  79  8:09  SCV  
  79  8:10  SCV  
  79  8:12  SCV  
  84  8:13  Marine  
  84  8:14  Marine  
  86  8:20  Factory Tech Lab  
  86  8:23  Marine  
  86  8:25  Missile Turret  
  86  8:26  SCV x2  
  89  8:27  SCV  
  89  8:32  Marine x2  
  92  8:34  Marine  
  92  8:39  Siege Tank  
  92  8:40  Supply Depot  
  92  8:41  Siege Tank  
  99  8:43  Marine  
  99  8:44  Marine  
  101  8:50  Marine x2  
  101  8:52  Marine  
  104  8:59  SCV x3  
  104  9:01  Marine x2  
  109  9:07  Viking x2  
  109  9:08  Marine x2  
  115  9:13  Marine  
  116  9:19  Marine x2  
  97  9:25  Marine  
  97  9:26  Marine  
  97  9:29  Siege Tank  
  97  9:31  Marine, Siege Tank  
  94  9:35  SCV x2  
  94  9:37  Marine x2, Viking  
  100  9:40  Medivac  
  100  9:43  Marine  
  100  9:45  Marine  
  104  9:49  Marine  
  105  9:55  Marine x2  
  105  9:59  Supply Depot  
  107  10:00  Armory  
  107  10:01  Marine  
  107  10:03  Marine  
  107  10:06  Marine  

Tags
 
Add a new tag
Caveats
  • Supply blocks, unpowered buildings, or Contaminate may cause inaccurate times.
  • Supply counts are checked every 10 seconds.